 Dungeon Crawl Stone Soup version 0.25.0-11-g1f837a76a1 (webtiles) character file.

Game seed: 1188019620140029241

67 xccam the Cutter (level 4, -5/26 HPs)
             Began as a Tengu Assassin on June 25, 2020.
             Slain by a scorpion (8 damage)
             ... on level 2 of the Dungeon.
             The game lasted 00:02:18 (1813 turns).

xccam the Cutter (Tengu Assassin)                   Turns: 1813, Time: 00:02:19

Health: -5/26      AC:  3    Str: 11    XL:     4   Next: 16%
Magic:  5/5        EV: 12    Int: 13    God:
Gold:   68         SH:  0    Dex: 15    Spells: 3/3 levels left

rFire    . . .     SeeInvis .   a - +2 dagger
rCold    . . .     Gourm    .   (no shield)
rNeg     . . .     Faith    .   b - +0 robe
rPois    .         Spirit   .   (helmet restricted)
rElec    .         Reflect  .   c - +0 cloak
rCorr    .         Harm     .   (no gloves)
MR       .....                  (boots unavailable)
Stlth    +++.......             (no amulet)
HPRegen  0.08/turn              m - ring of wizardry
MPRegen  0.09/turn              (no ring)

@: mighty, lethally poisoned (-5 -> -12)
A: beak, talons 3
a: no special abilities


You were on level 2 of the Dungeon.
You were not hungry.

You visited 1 branch of the dungeon, and saw 2 of its levels.

You collected 68 gold pieces.

Inventory:

Hand Weapons
 a - a +2 dagger (weapon)
Missiles
 d - 8 poisoned darts (quivered)
 e - 2 curare-tipped darts
Armour
 b - a +0 robe (worn)
 c - a +0 cloak (worn)
Jewellery
 h - an uncursed amulet of faith {unknown}
 m - a ring of wizardry (left hand)
Scrolls
 i - a scroll of identify {unknown}
 j - 2 scrolls of remove curse {unknown}
 l - a scroll of fear {unknown}
Comestibles
 f - 4 rations
 n - 4 chunks of flesh


   Skills:
 - Level 2.0 Fighting
 + Level 4.7 Short Blades
 - Level 2.0 Throwing
 - Level 1.1 Dodging
 - Level 4.0 Stealth


You had 3 spell levels left.
You didn't know any spells.
Your spell library was empty.

Dungeon Overview and Level Annotations

Branches:
Dungeon (2/15)

Altars:


Innate Abilities, Weirdness & Mutations

You have a beak for a mouth.
You have claws for feet.


Message History

* * * LOW HITPOINT WARNING * * *
The hobgoblin shouts!
You hit the scorpion.
You claw the scorpion, but do no damage.
The scorpion is heavily wounded.
* * * LOW HITPOINT WARNING * * *
You feel sick.
The hobgoblin throws a stone.
The stone misses you. The giant cockroach bites you.
* * * LOW HITPOINT WARNING * * *
You closely miss the scorpion.
The scorpion is heavily wounded.
The scorpion stings you.
* * * LOW HITPOINT WARNING * * *
The giant cockroach barely misses you.
You hit the scorpion but do no damage. Your kick misses the scorpion.
Your peck misses the scorpion.
The scorpion is heavily wounded.
* * * LOW HITPOINT WARNING * * *
You feel sick. The scorpion stings you!
You die...

..###.#........##...........#####
....................####....#
..###.#.###....##...# ##.....
#..##.#..#.....##...### .....
#..##.##.#.#....#..... .....
#..รท..##...#..#.#.g##. ....
#.#..(..#.###......# ...
#.......#......#...#
###.....#.##...#@s.#
#.......######(s....... #......##
#......... #......# #.........
#......## #>#....... ####......#
#.#....... ....##....# ..........
....##....# ..........
....#######


You could see a scorpion, a giant cockroach and a hobgoblin.

Vanquished Creatures
  2 oozes
  A dart slug (D:1)
  3 leopard geckos
  3 ball pythons
  2 giant cockroaches (D:2)
  5 goblins
  5 hobgoblins
  4 jackals
  5 kobolds
  A quokka (D:2)
  11 bats
  3 frilled lizards
  6 rats
51 creatures vanquished.

Notes
Turn   | Place    | Note
-------+----------+-------------------------------------------
     0 | D:1      | xccam the Tengu Assassin began the quest for the Orb.
     0 | D:1      | Reached XP level 1. HP: 12/12 MP: 2/2
   154 | D:1      | Reached XP level 2. HP: 14/17 MP: 3/3
   600 | D:1      | Reached XP level 3. HP: 20/21 MP: 4/4
  1405 | D:2      | Reached XP level 4. HP: 6/26 MP: 5/5
  1813 | D:2      | Slain by a scorpion

Illustrated notes

Levels and vault maps discovered:
D:1:      shiori_arrival_oz, layout_basic
D:2:      layout_rooms, nicolae_overflow_crystal_walls, minmay_pentomino_t2

Skill      XL: |  1  2  3 |
---------------+----------+-----
Short Blades   | 3 4 |  4.7
Fighting       | |  2.0
Throwing       | |  2.0
Dodging        | |  1.1
Stealth        | |  4.0

Action                   |  1- 3 |  4- 6 || total
-------------------------+-------+-------++-------
Melee: Dagger            |    90 |    18 ||   108
       Kick              |    17 |     4 ||    21
       Peck              |    14 |     1 ||    15
  Use: Potion            |     2 |     2 ||     4
 Stab: Sleeping          |     9 |     2 ||    11
       Distracted        |     1 |     1 ||     2
       Invisible         |     2 |       ||     2
  Eat: Chunk             |     1 |     2 ||     3
Armor: Robe              |    38 |     1 ||    39
Dodge: Dodged            |    72 |     6 ||    78
